SNL (28 & UNDER)
GAINESVILLE GUIDOS @ SALEM SILVER SOULS
07/20/2029
 
TOP OF THE 1ST
Gainesville Guidos batting - Pitching for Salem Silver Souls : RHP Ron Moore
Pitching: RHP Ron Moore
Batting: LHB Eddy Jefferson 0-0: Called Strike
0-1: Called Strike
0-2: Strikes out swinging
Batting: LHB Robbie Turner 0-0: Ball
1-0: Foul Ball, location: 2F
1-1: Foul Ball, location: 2F
1-2: Strikes out swinging
Batting: RHB Augusto Baca 0-0: Called Strike
0-1: Ball
1-1: Foul Ball, location: 2F
1-2: Ball
2-2: Strikes out swinging
Top of the 1st over - 0 runs, 0 hits, 0 errors, 0 left on base; Gainesville 0 - Salem 0
BOTTOM OF THE 1ST
Salem Silver Souls batting - Pitching for Gainesville Guidos : RHP Rodney Hall
Pitching: RHP Rodney Hall
Batting: LHB Alberto Varela 0-0: Ball
1-0: Ball
2-0: Ball
3-0: Base on Balls
Batting: RHB Carlos Sánchez 0-0: SINGLE (Groundball, 6MD)
Alberto Varela to second
Runner from 2nd tries for 3rd, SAFE, no throw
Batting: LHB Hamilton Hughes 0-0: Ball
1-0: Ball
2-0: Called Strike
2-1: SINGLE (Groundball, 34D)
Alberto Varela scores
Carlos Sánchez to second
Runner from 2nd tries for 3rd, SAFE, no throw
Batting: LHB Jeff Forsyth 0-0: Ball
1-0: Foul Ball, location: 2F
1-1: Called Strike
1-2: Foul Ball, location: 2F
1-2: Strikes out swinging
Batting: RHB Júlio Rodríguez 0-0: Ball
1-0: Ball
2-0: Ball
3-0: Called Strike
3-1: Called Strike
3-2: Foul Ball, location: 2F
3-2: SINGLE (Flyball, 9S)
Carlos Sánchez scores
Hamilton Hughes to second
Runner from 2nd tries for 3rd, SAFE, no throw
Batting: SHB Dawson Fowler 0-0: Called Strike
0-1: Foul Ball, location: 2F
0-2: Strikes out swinging
Batting: SHB Dale Winters 0-0: Ground out 4-3 (Groundball, 4S)
Bottom of the 1st over - 2 runs, 3 hits, 0 errors, 2 left on base; Gainesville 0 - Salem 2
TOP OF THE 2ND
Gainesville Guidos batting - Pitching for Salem Silver Souls : RHP Ron Moore
Batting: LHB Pedro Juárez 0-0: Called Strike
0-1: DOUBLE (Line Drive, 9LM)
Batting: RHB Claudio Gonzáles 0-0: Swinging Strike
0-1: Ground out 6-3 (Groundball, 6)
Batting: SHB António Ramírez 0-0: Foul Ball, location: 2F
0-1: Ball
1-1: Called Strike
1-2: Ground out 4-3 (Groundball, 4)
Pedro Juárez to third
Batting: SHB José Sousa 0-0: Called Strike
0-1: Ball
1-1: Ball
2-1: Called Strike
2-2: 2-RUN HOME RUN (Flyball, 9LD), Distance : 366 ft
Batting: RHB Craig Chapman 0-0: Ball
1-0: Called Strike
1-1: Ball
2-1: Ball
3-1: Swinging Strike
3-2: Foul Ball, location: 2F
3-2: Strikes out swinging
Top of the 2nd over - 2 runs, 2 hits, 0 errors, 0 left on base; Gainesville 2 - Salem 2
BOTTOM OF THE 2ND
Salem Silver Souls batting - Pitching for Gainesville Guidos : RHP Rodney Hall
Batting: RHB José Dávila 0-0: Ball
1-0: Ball
2-0: Ball
3-0: Base on Balls
Batting: SHB Caleb Hart 0-0: Called Strike
0-1: Fly out, F8 (Flyball, 78D)
Batting: LHB Alberto Varela 0-0: Ball
1-0: Called Strike
1-1: Ball
2-1: Ball
3-1: Fly out, F3 (Popup, 34S)
Batting: RHB Carlos Sánchez 0-0: Called Strike
0-1: Fly out, F7 (Line Drive, 7)
Bottom of the 2nd over - 0 runs, 0 hits, 0 errors, 1 left on base; Gainesville 2 - Salem 2
TOP OF THE 3RD
Gainesville Guidos batting - Pitching for Salem Silver Souls : RHP Ron Moore
Batting: RHB Mark McDonald 0-0: Ball
1-0: Called Strike
1-1: Foul Ball, location: 2F
1-2: Ball
2-2: Foul Ball, location: 2F
2-2: Foul Ball, location: 2F
2-2: Ball
3-2: Strikes out swinging
Batting: LHB Eddy Jefferson 0-0: Ground out 4-3 (Groundball, 4)
Batting: LHB Robbie Turner 0-0: Called Strike
0-1: Ball
1-1: Called Strike
1-2: Strikes out swinging
Top of the 3rd over - 0 runs, 0 hits, 0 errors, 0 left on base; Gainesville 2 - Salem 2
BOTTOM OF THE 3RD
Salem Silver Souls batting - Pitching for Gainesville Guidos : RHP Rodney Hall
Batting: LHB Hamilton Hughes 0-0: Called Strike
0-1: Ball
1-1: Swinging Strike
1-2: Foul Ball, location: 2F
1-2: Fly out, F9 (Line Drive, 9LM)
Batting: LHB Jeff Forsyth 0-0: Ball
1-0: Ball
2-0: Ball
3-0: Base on Balls
Batting: RHB Júlio Rodríguez 0-0: Ball
1-0: Ball
2-0: Fielders Choice at 2nd, 5-4 (Groundball, 56)
Batting: SHB Dawson Fowler 0-0: Ground out 4-3 (Groundball, 34)
Bottom of the 3rd over - 0 runs, 0 hits, 0 errors, 1 left on base; Gainesville 2 - Salem 2
TOP OF THE 4TH
Gainesville Guidos batting - Pitching for Salem Silver Souls : RHP Ron Moore
Batting: RHB Augusto Baca 0-0: Foul Ball, location: 2F
0-1: Swinging Strike
0-2: SINGLE (Groundball, 3D)
Batting: LHB Pedro Juárez Pickoff Throw to First - Error! E1
Augusto Baca to second
0-0: Called Strike
0-1: Ball
1-1: Foul Ball, location: 2F
1-2: Ball
2-2: Foul Ball, location: 2F
2-2: Strikes out swinging
Batting: RHB Claudio Gonzáles 0-0: Ground out 4-3 (Groundball, 4)
Augusto Baca to third
Batting: SHB António Ramírez 0-0: Ball
1-0: Ball
2-0: Ball
3-0: Called Strike
3-1: Called Strike
3-2: Foul Ball, location: 2F
3-2: Strikes out swinging
Top of the 4th over - 0 runs, 1 hit, 1 error, 1 left on base; Gainesville 2 - Salem 2
BOTTOM OF THE 4TH
Salem Silver Souls batting - Pitching for Gainesville Guidos : RHP Rodney Hall
Batting: SHB Dale Winters 0-0: Fly out, F7 (Flyball, 78M)
Batting: RHB José Dávila 0-0: Ball
1-0: Ball
2-0: Ball
3-0: Called Strike
3-1: Base on Balls
Batting: SHB Caleb Hart 0-0: Ball
1-0: Called Strike
1-1: Called Strike
1-2: Strikes out looking
Batting: LHB Alberto Varela 0-0: Ball
1-0: Ball
2-0: Called Strike
2-1: Foul Ball, location: 2F
2-2: Foul Ball, location: 2F
2-2: Ball
3-2: Base on Balls
José Dávila to second
Batting: RHB Carlos Sánchez 0-0: SINGLE (Line Drive, 7S)
José Dávila to third
Alberto Varela to second
Runner from 3rd tries for Home, SAFE, no throw
Batting: LHB Hamilton Hughes 0-0: SINGLE (Groundball, 6MD)
Alberto Varela to third
Carlos Sánchez to second
Runner from 3rd tries for Home, SAFE, no throw
Batting: LHB Jeff Forsyth 0-0: Called Strike
0-1: Called Strike
0-2: Ball
1-2: Ball
2-2: DOUBLE (Line Drive, 78XD)
Carlos Sánchez scores
Hamilton Hughes to third
Batting: RHB Júlio Rodríguez 0-0: Ball
1-0: Fly out, F5 (Popup, 5SF)
Bottom of the 4th over - 3 runs, 3 hits, 0 errors, 2 left on base; Gainesville 2 - Salem 5
TOP OF THE 5TH
Gainesville Guidos batting - Pitching for Salem Silver Souls : RHP Ron Moore
Batting: SHB José Sousa 0-0: Called Strike
0-1: Foul Ball, location: 2F
0-2: Ball
1-2: Foul Ball, location: 2F
1-2: Ball
2-2: Reached on error, E6 (Groundball, 6)
Batting: RHB Craig Chapman 0-0: Swinging Strike
0-1: Ball
1-1: Ball
2-1: Foul Ball, location: 2F
2-2: Foul Ball, location: 2F
2-2: Fly out, F8 (Flyball, 78M)
Batting: RHB Mark McDonald 0-0: Ball
1-0: SINGLE (Groundball, 6MD)
José Sousa to second
Runner from 2nd tries for 3rd, SAFE, no throw
Batting: LHB Eddy Jefferson 0-0: Ball
1-0: Ball
2-0: Ball
3-0: Called Strike
3-1: SINGLE (Line Drive, 4M)
José Sousa scores
Mark McDonald to second
Batting: LHB Robbie Turner 0-0: Ball
1-0: Called Strike
Mark McDonald steals 3rd base
Eddy Jefferson to second
1-1: Ball
2-1: Called Strike
2-2: Strikes out swinging
Batting: RHB Augusto Baca 0-0: Ball
1-0: Ball
2-0: Foul Ball, location: 2F
2-1: Ball
3-1: Foul Ball, location: 2F
3-2: Fly out, F7 (Flyball, 78M)
Top of the 5th over - 1 run, 2 hits, 1 error, 2 left on base; Gainesville 3 - Salem 5
BOTTOM OF THE 5TH
Salem Silver Souls batting - Pitching for Gainesville Guidos : RHP Rodney Hall
Batting: SHB Dawson Fowler 0-0: Bunted foul
0-1: Foul Ball, location: 2F
0-2: Strikes out swinging
Batting: SHB Dale Winters 0-0: Ball
1-0: Ball
2-0: Swinging Strike
2-1: Swinging Strike
2-2: Ball
3-2: Strikes out swinging
Batting: RHB José Dávila 0-0: Swinging Strike
0-1: Ball
1-1: Ball
2-1: Fly out, F4 (Popup, 4M)
Bottom of the 5th over - 0 runs, 0 hits, 0 errors, 0 left on base; Gainesville 3 - Salem 5
TOP OF THE 6TH
Gainesville Guidos batting - Pitching for Salem Silver Souls : RHP Ron Moore
Batting: LHB Pedro Juárez 0-0: Ball
1-0: DOUBLE (Flyball, 78XD)
Batting: RHB Claudio Gonzáles 0-0: Fly out, F8 (Flyball, 8RS)
Batting: SHB António Ramírez 0-0: Ball
1-0: Called Strike
1-1: Ball
2-1: Fly out, F9 (Flyball, 9S)
Batting: SHB José Sousa 0-0: Swinging Strike
0-1: Called Strike
0-2: Ball
1-2: Strikes out swinging
Top of the 6th over - 0 runs, 1 hit, 0 errors, 1 left on base; Gainesville 3 - Salem 5
BOTTOM OF THE 6TH
Salem Silver Souls batting - Pitching for Gainesville Guidos : RHP Rodney Hall
Batting: SHB Caleb Hart 0-0: Ball
1-0: Foul Ball, location: 2F
1-1: Foul Ball, location: 2F
1-2: Ball
2-2: Fly out, F7 (Flyball, 78S)
Batting: LHB Alberto Varela 0-0: Swinging Strike
0-1: Foul Ball, location: 2F
0-2: Ball
1-2: Strikes out looking
Batting: RHB Carlos Sánchez 0-0: Fly out, F6 (Line Drive, 6)
Bottom of the 6th over - 0 runs, 0 hits, 0 errors, 0 left on base; Gainesville 3 - Salem 5
TOP OF THE 7TH
Gainesville Guidos batting - Pitching for Salem Silver Souls : RHP Ron Moore
Batting: RHB Craig Chapman 0-0: Ground out 6-3 (Groundball, 6S)
Batting: RHB Mark McDonald 0-0: Ball
1-0: Ball
2-0: Called Strike
2-1: Ground out 1-3 (Groundball, 15)
Batting: LHB Eddy Jefferson 0-0: Called Strike
0-1: Ball
1-1: Ball
2-1: Foul Ball, location: 2F
2-2: Ball
3-2: Foul Ball, location: 2F
3-2: Base on Balls
Pitching: LHP Gabriel Rodríguez
Batting: LHB Robbie Turner 0-0: Ball
1-0: Foul Ball, location: 2F
1-1: Called Strike
1-2: Foul Ball, location: 2F
1-2: Foul Ball, location: 2F
1-2: Strikes out looking
Top of the 7th over - 0 runs, 0 hits, 0 errors, 1 left on base; Gainesville 3 - Salem 5
BOTTOM OF THE 7TH
Salem Silver Souls batting - Pitching for Gainesville Guidos : RHP Rodney Hall
Pitching: RHP Nathan Davis
Batting: LHB Hamilton Hughes 0-0: Ball
1-0: Ball
2-0: Ball
3-0: Called Strike
3-1: Called Strike
3-2: Base on Balls
Batting: LHB Jeff Forsyth 0-0: Ball
1-0: Called Strike
1-1: Ball
2-1: Ball
3-1: Called Strike
3-2: Base on Balls
Hamilton Hughes to second
Pinch Hitting: SHB Felipe Castro 0-0: Foul Ball, location: 2F
0-1: Ball
1-1: Fielders Choice at 2nd, 1-4 (Groundball, 15S)
Hamilton Hughes to third
Batting: SHB Dawson Fowler 0-0: Ball
1-0: Swinging Strike
1-1: Fly out, F9 (Line Drive, 89D)
Runner from 3rd tags up, SCORES, no throw
Batting: SHB Dale Winters 0-0: SINGLE (Line Drive, 4MD)
Felipe Castro to second
Batting: RHB José Dávila 0-0: Ball
1-0: Ball
2-0: Swinging Strike
2-1: Ball
3-1: Swinging Strike
3-2: Foul Ball, location: 2F
3-2: Base on Balls
Felipe Castro to third
Dale Winters to second
Batting: SHB Caleb Hart 0-0: Called Strike
0-1: Ball
1-1: Foul Ball, location: 2F
1-2: Fly out, F8 (Flyball, 8RM)
Bottom of the 7th over - 1 run, 1 hit, 0 errors, 3 left on base; Gainesville 3 - Salem 6
TOP OF THE 8TH
Gainesville Guidos batting - Pitching for Salem Silver Souls : LHP Gabriel Rodríguez
Now in LF: Felipe Castro
Batting: RHB Augusto Baca 0-0: Ball
1-0: Called Strike
1-1: Ball
2-1: DOUBLE (Line Drive, 7LD)
Pitching: RHP Mike Moyer
Batting: LHB Pedro Juárez 0-0: Fly out, F8 (Line Drive, 8LS)
Batting: RHB Claudio Gonzáles 0-0: Ball
1-0: Called Strike
1-1: Ball
2-1: DOUBLE (Groundball, 5L)
Augusto Baca scores
Batting: SHB António Ramírez 0-0: Called Strike
0-1: Called Strike
0-2: Ball
1-2: Strikes out swinging
Batting: SHB José Sousa 0-0: Ball
1-0: Foul Ball, location: 2F
1-1: Ball
2-1: Ball
3-1: Foul Ball, location: 2F
3-2: Foul Ball, location: 2F
3-2: Base on Balls
Pinch Hitting: SHB Kent Phillips 0-0: Ball
1-0: DOUBLE (Line Drive, 8LXD)
Claudio Gonzáles scores
José Sousa to third
Pinch Hitting: RHB Doug Coleman 0-0: Foul Ball, location: 2F
0-1: Swinging Strike
0-2: Foul Ball, location: 2F
0-2: Strikes out swinging
Top of the 8th over - 2 runs, 3 hits, 0 errors, 2 left on base; Gainesville 5 - Salem 6
BOTTOM OF THE 8TH
Salem Silver Souls batting - Pitching for Gainesville Guidos : RHP Nathan Davis
Now at 1B: Kent Phillips
Now at 2B: Tim Bonner
Batting: LHB Alberto Varela 0-0: Ball
1-0: Ball
2-0: Ball
3-0: Called Strike
3-1: Foul Ball, location: 2F
3-2: Foul Ball, location: 2F
3-2: Foul Ball, location: 2F
3-2: Foul Ball, location: 2F
3-2: Foul Ball, location: 2F
3-2: Base on Balls
Batting: RHB Carlos Sánchez 0-0: Ball
1-0: Ball
2-0: Fly out, F5 (Line Drive, 56)
Batting: LHB Hamilton Hughes 0-0: Ball
Alberto Varela steals 2nd base
1-0: Ball
2-0: Fly out, F7 (Flyball, 78S)
Batting: LHB Jeff Forsyth 0-0: Ball
1-0: Ball
2-0: 2-RUN HOME RUN (Flyball, 9LD), Distance : 368 ft
Pitching: RHP Mario Tovar
Batting: SHB Felipe Castro 0-0: DOUBLE (Line Drive, 7LD)
Batting: SHB Dawson Fowler 0-0: Foul Ball, location: 2F
0-1: Ball
1-1: Swinging Strike
1-2: Foul Ball, location: 2F
1-2: Ball
2-2: SINGLE (Groundball, 4D)
Felipe Castro to third
Runner from 3rd tries for Home, SAFE, no throw
Batting: SHB Dale Winters 0-0: Called Strike
Dawson Fowler is caught stealing 2nd base
Bottom of the 8th over - 3 runs, 3 hits, 0 errors, 0 left on base; Gainesville 5 - Salem 9
TOP OF THE 9TH
Gainesville Guidos batting - Pitching for Salem Silver Souls : RHP Mike Moyer
Pitching: RHP Taylor Bowen
Batting: LHB Eddy Jefferson 0-0: Ball
1-0: Ball
2-0: Ball
3-0: Called Strike
3-1: Fly out, F7 (Flyball, 7LSF)
Batting: LHB Robbie Turner 0-0: Swinging Strike
0-1: Ball
1-1: Swinging Strike
1-2: Strikes out swinging
Batting: RHB Augusto Baca 0-0: Called Strike
0-1: Ball
1-1: Fly out, F8 (Flyball, 8RM)
Top of the 9th over - 0 runs, 0 hits, 0 errors, 0 left on base; Gainesville 5 - Salem 9
Saturday, December 16th, 2017 - OOTP Baseball 18.8 Build 76